 Dungeon Crawl Stone Soup version 0.19.0-2-gae57169 (webtiles) character file.

14926 Patchouli the Basher (level 12, -1/75 HPs)
             Began as a Gargoyle Fighter on Nov 6, 2016.
             Was an Elder of Okawaru.
             Slain by Snorg (14 damage)
             ... on level 1 of the Orcish Mines.
             The game lasted 00:56:01 (8617 turns).

Patchouli the Basher (Gargoyle Fighter)             Turns: 8617, Time: 00:56:01

Health: -1/75      AC: 30    Str: 24    XL:     12   Next: 21%
Magic:  18/18      EV:  6    Int: 10    God:    Okawaru [****..]
Gold:   877        SH: 11    Dex:  9    Spells: 1 memorised, 16 levels left

rFire  + . .     SeeInvis .     D - +1 mace (protect)
rCold  . . .     Gourm    .     A - +0 plate armour
rNeg   + . .     Faith    .     c - +0 shield
rPois  ∞         Spirit   .     y - +2 helmet
rElec  +         Reflect  .     l - +1 cloak {+Inv}
rCorr  +         Harm     .     z - +0 pair of gloves
MR     .....                    (no boots)
Stlth  ..........               (no amulet)
                                h - ring of protection from fire
                                e - ring of resist corrosion

@: about to teleport
A: negative energy resistance 1, electricity resistance, unbreathing,
petrification resistance, rot immunity, AC +8
a: Heroism, Renounce Religion, Evoke Invisibility


You were on level 1 of the Orcish Mines.
You worshipped Okawaru.
Okawaru was greatly pleased with you.
You were hungry.

You visited 4 branches of the dungeon, and saw 16 of its levels.

You collected 877 gold pieces.

Inventory:

Hand Weapons
 D - a +1 mace of protection (weapon)
Missiles
 v - 6 tomahawks (quivered)
 J - 3 throwing nets
Armour
 b - a +0 scale mail
 c - a +0 shield (worn)
 l - a +1 cloak of invisibility (worn)
 t - a +0 chain mail
 y - a +2 helmet (worn)
 z - a +0 pair of gloves (worn)
 A - a +0 plate armour (worn)
Jewellery
 e - a ring of resist corrosion (left hand)
 h - a ring of protection from fire (right hand)
 j - an uncursed ring of ice
Wands
 w - a wand of teleportation (0/9)
 F - a wand of confusion (15/48)
 I - a wand of flame (20/48)
Scrolls
 d - 2 scrolls of magic mapping
 g - a scroll of random uselessness
 k - a scroll of blinking
 n - a scroll of recharging
 o - 4 scrolls of identify
 q - 2 scrolls of noise {unknown}
 r - a scroll of fog {unknown}
 x - 4 scrolls of amnesia
 G - a scroll of torment {unknown}
Potions
 m - a potion of haste
 p - a potion of curing
Books
 a - a book of Misfortune

   Spells                             Type                      Level
   a - Confusing Touch                Hexes                        1
   b - Confuse                        Hexes                        3
   c - Gell's Gravitas                Hexes/Translocation          3
   d - Petrify                        Transmutation/Earth          4
   e - Metabolic Englaciation         Hexes/Ice                    5
   f - Yara's Violent Unravelling     Hexes/Transmutation          5
 C - a Young Poisoner's Handbook

   Spells                             Type                      Level
   a - Sting                          Conjuration/Poison           1
   b - Mephitic Cloud                 Conjuration/Poison/Air       3
   c - Olgreb's Toxic Radiance        Poison                       4
   d - Alistair's Intoxication        Transmutation/Poison         5
   e - Venom Bolt                     Conjuration/Poison           5
Comestibles
 f - 8 bread rations
 i - 6 meat rations


   Skills:
 + Level 8.8 Fighting
 * Level 10.8 Maces & Flails
 + Level 8.9 Armour
 + Level 9.0 Shields
 - Level 4.1 Spellcasting
 - Level 5.4 Poison Magic
 + Level 6.4 Invocations
 * Level 3.0 Evocations


You had 16 spell levels left.
You knew the following spells:

 Your Spells              Type           Power        Failure   Level  Hunger
a - Mephitic Cloud        Conj/Pois/Air  #.......     100%        3    ###....


Dungeon Overview and Level Annotations

Branches:
Dungeon (11/15)            Temple (1/1) D:6            Lair (2/6) D:9
  Swamp (0/4) Lair:2          Orc (2/2) D:9             Elf (0/3) Orc:2
  Snake: Lair:2-4    Spider: Lair:2-4

Altars:
Ashenzari
Cheibriados
Dithmenos
Elyvilon
Fedhas
Gozag
Hepliaklqana
Kikubaaqudgha
Makhleb
Nemelex Xobeh
Okawaru
Qazlal
Ru
Sif Muna
Trog
Uskayaw
Vehumet
Xom
Yredelemnul
Zin
The Shining One

Shops:
D:8 [   D:9 (   Orc:2 :

Annotations:
Orc:1 Snorg


Innate Abilities, Weirdness & Mutations

You are resistant to torment.
Your stone body is resilient. (AC +8)
You are immune to poison.
You resist negative energy. (rN+)
You are resistant to electric shocks. (rElec)
You can survive without breathing.
You are immune to petrification.
You are immune to rotting.


Message History

There is a stone staircase leading up here.
The hellwing hits you but does no damage.
You block the hellwing's attack.
The red devil hits you but does no damage.
You block the orc warrior's attack.
You climb upwards.
Level annotation: Snorg Snorg bites you but does no damage.
You block Snorg's attack. Snorg claws you but does no damage.
Snorg goes berserk!
There is a stone staircase leading down here.
Okay, then.
Okay, then.
Evoke which item? (* to show all) (? for menu, Esc to quit)
Zapping:
w - a wand of teleportation (1/9)
Press: ? - help, Shift-Dir - straight line, f - you You feel strangely unstable.
This wand has 0 charges left.
You block Snorg's attack. Snorg claws you but does no damage. Snorg claws you!
* * * LOW HITPOINT WARNING * * *
Snorg bites you but does no damage. Snorg claws you!
You die...

#..$# ... ..
##.....##..#....
#..........#...#
.#..#...#.......
...............#
..............#.
.........#......
........@.......
.......To..$....
.....#..........
................
........#......#
#.............#
#...##........#
..... ###.....##
$.... ...###


You could see Snorg (berserk) and an orc warrior.

Vanquished Creatures
  The ghost of Zigma the Grappler, a journeyman DrTm of Qazlal (Lair:2)
  2 hydras
  An orc sorcerer (Orc:2)
  A rime drake (Lair:1)
  3 spiny frogs
  A merfolk (D:9)
  3 trolls
  A two-headed ogre (D:10)
  8 blink frogs (Lair:1)
  A slime creature (D:8)
  3 hippogriffs
  2 wyverns (Lair:2)
  A yak (Lair:2)
  3 hungry ghosts
  A basilisk (Lair:2)
  3 wargs
  4 water moccasins
  2 hell hounds (D:9)
  A porcupine (Lair:2)
  A sky beast (D:9)
  11 orc warriors
  6 ogres
  12 wolves (Lair:1)
  3 crocodiles
  3 centaurs
  4 bullfrogs
  A scorpion (D:6)
  8 wights
  16 killer bees
  2 howler monkeys (D:9)
  2 crimson imps
  A bullfrog zombie (D:7)
  5 hounds
  8 jellies
  8 orc priests
  11 orc wizards
  A bullfrog skeleton (D:7)
  2 iguanas
  4 worker ants
  A hound skeleton (D:11)
  5 adders
  A shadow imp (D:9)
  17 oozes (D:8)
  An adder zombie (D:7)
  2 adder skeletons
  3 dart slugs
  A leopard gecko (D:7)
  43 orcs
  4 giant cockroaches
  3 goblins
  A hobgoblin (D:2)
  5 jackals
  3 kobolds
  A quokka (D:11)
  8 bats
  5 frilled lizards
  5 rats
260 creatures vanquished.

Vanquished Creatures (others)
  4 fungi
  2 plants (Lair:1)
6 creatures vanquished.

Grand Total: 266 creatures vanquished

Notes
Turn   | Place    | Note
-------+----------+-------------------------------------------
     0 | D:1      | Patchouli the Gargoyle Fighter began the quest for the Orb.
     0 | D:1      | Reached XP level 1. HP: 14/14 MP: 1/1
   123 | D:1      | Reached XP level 2. HP: 19/19 MP: 2/2
   229 | D:2      | Reached XP level 3. HP: 9/23 MP: 3/3
   672 | D:4      | Reached skill level 3 in Maces & Flails
   698 | D:3      | Reached XP level 4. HP: 19/28 MP: 4/4
   864 | D:2      | Found a faded altar of an unknown god.
  1002 | D:5      | Entered Level 5 of the Dungeon
  1196 | D:6      | Reached XP level 5. HP: 8/33 MP: 5/5
  1426 | D:6      | Noticed a sky beast
  1434 | D:6      | Noticed an ogre
  1445 | D:6      | Noticed a centaur
  1456 | D:6      | Killed a centaur
  1456 | D:6      | Reached skill level 4 in Maces & Flails
  1534 | D:6      | Noticed a hippogriff
  1555 | D:6      | Killed a hippogriff
  1555 | D:6      | Reached XP level 6. HP: 26/39 MP: 6/6
  1657 | D:6      | Found a staircase to the Ecumenical Temple.
  1667 | Temple   | Entered the Ecumenical Temple
  1712 | Temple   | Became a worshipper of Warmaster Okawaru
  1757 | D:6      | Reached skill level 5 in Maces & Flails
  1757 | D:6      | Reached XP level 7. HP: 44/44 MP: 7/7
  1828 | D:5      | Found a blossoming altar of Fedhas.
  1932 | D:5      | Reached skill level 5 in Armour
  1932 | D:5      | Reached skill level 5 in Shields
  2059 | D:7      | Reached * piety under Okawaru
  2059 | D:7      | Reached skill level 5 in Fighting
  2237 | D:7      | Reached skill level 6 in Maces & Flails
  2237 | D:7      | Reached XP level 8. HP: 49/49 MP: 8/8
  2275 | D:7      | Learned a level 3 spell: Mephitic Cloud
  2406 | D:9      | Reached skill level 1 in Poison Magic
  2432 | D:9      | Found a staircase to the Lair.
  2642 | D:9      | Found a staircase to the Orcish Mines.
  2653 | Orc:1    | Entered Level 1 of the Orcish Mines
  2727 | D:8      | Noticed a slime creature
  2751 | D:8      | Killed a slime creature
  2759 | D:8      | Reached skill level 1 in Invocations
  2776 | D:8      | Reached ** piety under Okawaru
  2968 | D:8      | Found Nigudell's Armour Shoppe.
  2988 | D:8      | Reached skill level 7 in Maces & Flails
  3069 | D:8      | Reached XP level 9. HP: 50/55 MP: 10/10
  3578 | D:10     | Entered Level 10 of the Dungeon
  3807 | Lair:1   | Entered Level 1 of the Lair of Beasts
  3807 | Lair:1   | Noticed a spiny frog
  3832 | D:9      | Killed a spiny frog
  3832 | D:9      | Reached *** piety under Okawaru
  3888 | D:9      | Noticed a merfolk
  3917 | D:9      | Killed a merfolk
  3917 | D:9      | Reached skill level 8 in Maces & Flails
  3917 | D:9      | Reached skill level 5 in Poison Magic
  4104 | D:9      | Reached XP level 10. HP: 61/61 MP: 12/12
  4144 | D:9      | Reached skill level 1 in Spellcasting
  4279 | D:9      | Reached **** piety under Okawaru
  4548 | D:9      | Found Irimiyt's Weapon Shop.
  4609 | Lair:1   | Noticed a spiny frog
  4762 | Lair:1   | Noticed a four-headed hydra
  4816 | Lair:1   | Killed a four-headed hydra
  4816 | Lair:1   | Reached skill level 9 in Maces & Flails
  5025 | Lair:1   | Reached XP level 11. HP: 28/68 MP: 13/15
  5105 | Lair:1   | Reached skill level 5 in Invocations
  5406 | Lair:2   | Noticed Zigma's ghost (journeyman DrTm)
  5468 | Lair:2   | Killed Zigma's ghost
  5468 | Lair:2   | Reached ***** piety under Okawaru
  5707 | Lair:2   | Found a staircase to the Swamp.
  5722 | Lair:2   | Reached skill level 10 in Maces & Flails
  5810 | Lair:2   | Noticed a seven-headed hydra
  5835 | Lair:2   | Killed a seven-headed hydra
  6002 | Lair:2   | Received a gift from Okawaru
  6007 | Lair:2   | HP: 4/102 [killer bee (5)]
  6011 | Lair:2   | HP: 1/102 [killer bee (2)]
  6050 | Lair:2   | Noticed a six-headed hydra
  6468 | Lair:1   | Received a gift from Okawaru
  6668 | Lair:1   | Reached skill level 1 in Evocations
  6947 | Orc:2    | Entered Level 2 of the Orcish Mines
  6947 | Orc:2    | Noticed a stone giant
  7735 | D:10     | Reached XP level 12. HP: 75/75 MP: 16/18
  7832 | D:11     | Noticed an eight-headed hydra
  8334 | Orc:1    | Noticed Snorg
  8346 | Orc:2    | Found Axaiss's Book Emporium.
  8372 | Orc:2    | Found a staircase to the Elven Halls.
  8553 | Orc:2    | Noticed an orc high priest
  8564 | Orc:2    | Noticed a soul eater
  8617 | Orc:1    | Slain by Snorg

Skill      XL: |  1  2  3  4  5  6  7  8  9 10 11 12 |
---------------+-------------------------------------+-----
Maces & Flails | 3 4 5 6 7 8 9 10 | 10.8
Armour         | 4 5 6 7 8 |  8.9
Fighting       | 4 5 6 7 8 |  8.8
Shields        | 4 5 6 7 8 9 |  9.0
Poison Magic   | 3 5 |  5.4
Invocations    | 1 3 4 6 |  6.4
Spellcasting   | 3 4 |  4.1
Evocations     | 2 3 |  3.0

Action                   |  1- 3 |  4- 6 |  7- 9 | 10-12 || total
-------------------------+-------+-------+-------+-------++-------
Melee: Flail             |   124 |       |       |       ||   124
       Mace              |       |   121 |   620 |  1126 ||  1867
Invok: Heroism           |       |       |    11 |    33 ||    44
Evoke: Wand              |       |       |     5 |    26 ||    31
  Use: Scroll            |       |     9 |     4 |     5 ||    18
       Potion            |       |     5 |     1 |    11 ||    17
 Stab: Confused          |       |       |     3 |     2 ||     5
  Eat: Chunk             |       |     3 |    11 |    15 ||    29
       Beef jerky        |       |       |     2 |       ||     2
       Meat ration       |       |       |     1 |       ||     1
       Bread ration      |       |       |     1 |       ||     1
Armor: Scale mail        |    80 |    84 |    69 |       ||   233
       Chain mail        |       |       |    45 |       ||    45
       Plate armour      |       |       |   181 |   709 ||   890
       Skin              |       |       |       |   117 ||   117
Dodge: Dodged            |    35 |    44 |   106 |   286 ||   471
Block: Shield            |    71 |    67 |   261 |   744 ||  1143
